cohdb
Replays
Latest Replays
All Replays
Popular Replays
Top Player Replays
Match Explorer
How It Works
Community
CoH3 Stats
Reddit
Sign in to upload your games and track your stats! →
Sign in with Steam
Match 46812394
Unlisted
Match 46812394
Overview
Messages
Build Orders
End
Scout Squad
Selects Airborne Battlegroup
Selects Pathfinders
Construct Weapon Support Center
Bazooka Squad
M1919 Machine Gun Team
Bazooka Squad
Infantry Support Center
Selects Paratrooper Squad Paradrop
M3 Armored Personnel Carrier
Paratrooper Squad Paradrop
Survival Training
M3 Armored Personnel Carrier
Selects Anti-tank Gun Team Paradrop
Anti-tank Gun Team Paradrop
Selects Recon Loiter
Engineer Squad
Paratrooper Squad Paradrop
Tatari◑。
DodoSlayer27
ramiraiise
蛤,你说蛤?
水银灯
不会玩游戏只会起盖子
Lord Ludwig
咖喱
0
0
Comments
sign in to comment!
No comments posted yet!